3A
MYRTLE BEACH SEAHAWKS @ ALAMEDA AIRMEN
09/01/2032
 
TOP OF THE 1ST
Myrtle Beach Seahawks batting - Pitching for Alameda Airmen : RHP Melvin O'Herlihy
Pitching: RHP Melvin O'Herlihy
Batting: LHB Augusto Reyes 0-0: Swinging Strike
0-1: Swinging Strike
0-2: Ball
1-2: Strikes out looking
Batting: SHB Dong-joo Yu 0-0: Called Strike
0-1: Ball
1-1: Ball
2-1: Ball
3-1: Foul Ball, location: 2F
3-2: Base on Balls
Batting: RHB Jimmy Gonzáles 0-0: Called Strike
0-1: Ball
Dong-joo Yu steals 2nd base
1-1: Swinging Strike
1-2: Strikes out swinging
Batting: LHB Marc Ben 0-0: Ball
1-0: Called Strike
1-1: Ball
2-1: Foul Ball, location: 2F
2-2: Ball
3-2: Base on Balls
Batting: RHB Thomas Feliciano 0-0: Called Strike
0-1: Foul Ball, location: 2F
0-2: Strikes out swinging
Top of the 1st over - 0 runs, 0 hits, 0 errors, 2 left on base; Myrtle Beach 0 - Alameda 0
BOTTOM OF THE 1ST
Alameda Airmen batting - Pitching for Myrtle Beach Seahawks : RHP César Soto
Pitching: RHP César Soto
Batting: RHB Miracle Crimes 0-0: Ball
1-0: Ball
2-0: Foul Ball, location: 2F
2-1: SINGLE (Line Drive, 56)
Batting: LHB Gustavo Deleón 0-0: Ball
Miracle Crimes steals 2nd base
1-0: Swinging Strike
1-1: Ball
2-1: Ground out 5-3 (Groundball, 56S)
Miracle Crimes to third
Batting: RHB Juan Alcocer 0-0: Called Strike
0-1: Swinging Strike
0-2: Strikes out looking
Batting: RHB Hildo Oerlemans 0-0: Called Strike
0-1: TRIPLE (Line Drive, 8LXD)
Miracle Crimes scores
Batting: RHB Jeromy Gride 0-0: Ball
1-0: Ball
2-0: Swinging Strike
2-1: Swinging Strike
2-2: Foul Ball, location: 2F
2-2: Ball
3-2: Foul Ball, location: 2F
3-2: Strikes out swinging
Bottom of the 1st over - 1 run, 2 hits, 0 errors, 1 left on base; Myrtle Beach 0 - Alameda 1
TOP OF THE 2ND
Myrtle Beach Seahawks batting - Pitching for Alameda Airmen : RHP Melvin O'Herlihy
Batting: RHB Theo Wrighton 0-0: Called Strike
0-1: Ball
1-1: Fly out, F3 (Popup, 34)
Batting: RHB Lucas Gallant 0-0: Ball
1-0: SINGLE (Line Drive, 8LS)
Batting: RHB Bedrettin Suker 0-0: Foul Ball, location: 2F
0-1: Called Strike
0-2: Ball
1-2: Ball
2-2: Grounds into double play, 4-6-3 (Groundball, 4)
Top of the 2nd over - 0 runs, 1 hit, 0 errors, 0 left on base; Myrtle Beach 0 - Alameda 1
BOTTOM OF THE 2ND
Alameda Airmen batting - Pitching for Myrtle Beach Seahawks : RHP César Soto
Batting: RHB Carlo Beedle 0-0: Called Strike
0-1: Called Strike
0-2: Ball
1-2: Ball
2-2: Strikes out swinging
Batting: RHB Lee Scrooby 0-0: Called Strike
0-1: Swinging Strike
0-2: Strikes out swinging
Batting: RHB Gerwin Norman 0-0: Called Strike
0-1: Fly out, F7 (Flyball, 78M)
Bottom of the 2nd over - 0 runs, 0 hits, 0 errors, 0 left on base; Myrtle Beach 0 - Alameda 1
TOP OF THE 3RD
Myrtle Beach Seahawks batting - Pitching for Alameda Airmen : RHP Melvin O'Herlihy
Batting: RHB Al Ellis 0-0: Called Strike
0-1: Ball
1-1: Foul Ball, location: 2F
1-2: Ground out 3-1 (Groundball, 34S)
Batting: LHB Augusto Reyes 0-0: Ball
1-0: Ball
2-0: Foul Ball, location: 2F
2-1: Fly out, F6 (Line Drive, 6M)
Batting: SHB Dong-joo Yu 0-0: Called Strike
0-1: Ball
1-1: Ground out 2-3 (Groundball, 2R)
Top of the 3rd over - 0 runs, 0 hits, 0 errors, 0 left on base; Myrtle Beach 0 - Alameda 1
BOTTOM OF THE 3RD
Alameda Airmen batting - Pitching for Myrtle Beach Seahawks : RHP César Soto
Batting: LHB Joe James 0-0: Ball
1-0: Ball
2-0: Called Strike
2-1: Bunt for hit - play at first, batter safe!
Batting: RHB Miracle Crimes 0-0: Ball
1-0: Called Strike
1-1: SINGLE (Groundball, 34D)
Joe James to second
Runner from 2nd tries for 3rd, SAFE, no throw
Batting: LHB Gustavo Deleón 0-0: Ball
1-0: Swinging Strike
1-1: Foul Ball, location: 2F
1-2: Ball
2-2: Strikes out swinging
Batting: RHB Juan Alcocer 0-0: Swinging Strike
0-1: Ball
1-1: Foul Ball, location: 2F
1-2: Foul Ball, location: 2F
1-2: Strikes out swinging
Batting: RHB Hildo Oerlemans 0-0: Called Strike
0-1: Foul Ball, location: 2F
0-2: Ball
Wild Pitch!
Joe James scores
Miracle Crimes to second
1-2: Ball
2-2: Strikes out swinging
Bottom of the 3rd over - 1 run, 2 hits, 0 errors, 1 left on base; Myrtle Beach 0 - Alameda 2
TOP OF THE 4TH
Myrtle Beach Seahawks batting - Pitching for Alameda Airmen : RHP Melvin O'Herlihy
Batting: RHB Jimmy Gonzáles 0-0: Fly out, F8 (Flyball, 8LD)
Batting: LHB Marc Ben 0-0: Ball
1-0: Called Strike
1-1: SINGLE (Groundball, 34D)
Batting: RHB Thomas Feliciano 0-0: Ball
1-0: Ball
2-0: Ball
3-0: Base on Balls
Marc Ben to second
Batting: RHB Theo Wrighton 0-0: Ground out 5-3 (Groundball, 56S)
Marc Ben to third
Thomas Feliciano to second
Batting: RHB Lucas Gallant 0-0: Called Strike
0-1: SINGLE (Line Drive, 89S)
Marc Ben scores
Thomas Feliciano to third
Batting: RHB Bedrettin Suker 0-0: Called Strike
0-1: Ball
1-1: Ball
2-1: Ball
3-1: Base on Balls
Lucas Gallant to second
Batting: RHB Al Ellis 0-0: Called Strike
0-1: Foul Ball, location: 2F
0-2: Fielders Choice at 2nd, 6-4 (Groundball, 6)
Top of the 4th over - 1 run, 2 hits, 0 errors, 3 left on base; Myrtle Beach 1 - Alameda 2
BOTTOM OF THE 4TH
Alameda Airmen batting - Pitching for Myrtle Beach Seahawks : RHP César Soto
Batting: RHB Jeromy Gride 0-0: Ball
1-0: Fly out, F7 (Flyball, 7S)
Batting: RHB Carlo Beedle 0-0: Ball
1-0: Ball
2-0: Called Strike
2-1: Swinging Strike
2-2: SOLO HOME RUN (Flyball, 7D), Distance : 396 ft
Batting: RHB Lee Scrooby 0-0: Foul Ball, location: 2F
0-1: Called Strike
0-2: Strikes out swinging passed ball, reaches first!
Batting: RHB Gerwin Norman 0-0: Grounds into double play, 6-4-3 (Groundball, 6)
Bottom of the 4th over - 1 run, 1 hit, 0 errors, 0 left on base; Myrtle Beach 1 - Alameda 3
TOP OF THE 5TH
Myrtle Beach Seahawks batting - Pitching for Alameda Airmen : RHP Melvin O'Herlihy
Batting: LHB Augusto Reyes 0-0: Ball
1-0: Fly out, F5 (Popup, 56)
Batting: SHB Dong-joo Yu 0-0: Ball
1-0: Ball
2-0: Foul Ball, location: 2F
2-1: Swinging Strike
2-2: Foul Ball, location: 2F
2-2: Ground out 4-3 (Groundball, 4S)
Batting: RHB Jimmy Gonzáles 0-0: Called Strike
0-1: Fly out, F7 (Flyball, 78M)
Top of the 5th over - 0 runs, 0 hits, 0 errors, 0 left on base; Myrtle Beach 1 - Alameda 3
BOTTOM OF THE 5TH
Alameda Airmen batting - Pitching for Myrtle Beach Seahawks : RHP César Soto
Batting: LHB Joe James 0-0: Ball
1-0: Foul Ball, location: 2F
1-1: Called Strike
1-2: Ball
2-2: Ball
3-2: Base on Balls
Pitching: RHP Bailey Achurch
Batting: RHB Miracle Crimes 0-0: Ball
1-0: Bunted foul
1-1: Sac Bunt - play at first, batter OUT! U3
Joe James to second
Batting: LHB Gustavo Deleón 0-0: Called Strike
0-1: Swinging Strike
0-2: Strikes out swinging
Batting: RHB Juan Alcocer 0-0: Foul Ball, location: 2F
0-1: Ground out 6-3 (Groundball, 56)
Bottom of the 5th over - 0 runs, 0 hits, 0 errors, 1 left on base; Myrtle Beach 1 - Alameda 3
TOP OF THE 6TH
Myrtle Beach Seahawks batting - Pitching for Alameda Airmen : RHP Melvin O'Herlihy
Batting: LHB Marc Ben 0-0: SINGLE (Flyball, 9S)
Batting: RHB Thomas Feliciano 0-0: Grounds into double play, 4-6-3 (Groundball, 34)
Batting: RHB Theo Wrighton 0-0: Called Strike
0-1: Foul Ball, location: 2F
0-2: Ground out 6-3 (Groundball, 6)
Top of the 6th over - 0 runs, 1 hit, 0 errors, 0 left on base; Myrtle Beach 1 - Alameda 3
BOTTOM OF THE 6TH
Alameda Airmen batting - Pitching for Myrtle Beach Seahawks : RHP Bailey Achurch
Batting: RHB Hildo Oerlemans 0-0: Fly out, F8 (Flyball, 8RD)
Batting: RHB Jeromy Gride 0-0: Fly out, F8 (Flyball, 8RM)
Batting: RHB Carlo Beedle 0-0: Ball
1-0: Ball
2-0: Called Strike
2-1: TRIPLE (Line Drive, 8LXD)
Batting: RHB Lee Scrooby 0-0: Ball
1-0: Swinging Strike
1-1: Ball
2-1: Called Strike
2-2: Ball
3-2: Fly out, F9 (Flyball, 89M)
Bottom of the 6th over - 0 runs, 1 hit, 0 errors, 1 left on base; Myrtle Beach 1 - Alameda 3
TOP OF THE 7TH
Myrtle Beach Seahawks batting - Pitching for Alameda Airmen : RHP Melvin O'Herlihy
Batting: RHB Lucas Gallant 0-0: Foul Ball, location: 2F
0-1: Ball
1-1: Foul Ball, location: 2F
1-2: Ball
2-2: Strikes out swinging
Batting: RHB Bedrettin Suker 0-0: Ball
1-0: Fly out, F7 (Flyball, 7S)
Batting: RHB Al Ellis 0-0: Ball
1-0: Ball
2-0: Called Strike
2-1: Ball
3-1: Foul Ball, location: 2F
3-2: SINGLE (Groundball, 56) (infield hit)
Pitching: LHP Jorge Pliego
Batting: LHB Augusto Reyes 0-0: Ball
1-0: Ball
2-0: Called Strike
2-1: Foul Ball, location: 2F
2-2: Foul Ball, location: 2F
2-2: Foul Ball, location: 2F
2-2: Foul Ball, location: 2F
2-2: Strikes out swinging
Top of the 7th over - 0 runs, 1 hit, 0 errors, 1 left on base; Myrtle Beach 1 - Alameda 3
BOTTOM OF THE 7TH
Alameda Airmen batting - Pitching for Myrtle Beach Seahawks : RHP Bailey Achurch
Batting: RHB Gerwin Norman 0-0: Ball
1-0: Foul Ball, location: 2F
1-1: Ball
2-1: Ball
3-1: Base on Balls
Batting: LHB Joe James 0-0: Bunted foul
0-1: Sac Bunt - play at first, batter OUT! 1-4
Gerwin Norman to second
Batting: RHB Miracle Crimes 0-0: Called Strike
0-1: Swinging Strike
0-2: Foul Ball, location: 2F
0-2: Ball
1-2: Foul Ball, location: 2F
1-2: Ball
2-2: Ball
3-2: Foul Ball, location: 2F
3-2: DOUBLE (Flyball, 78D)
Gerwin Norman scores
Batting: LHB Gustavo Deleón 0-0: Called Strike
0-1: Ball
1-1: Foul Ball, location: 2F
1-2: SINGLE (Line Drive, 6M)
Miracle Crimes to third
Runner from 3rd tries for Home, SAFE, no throw
Pitching: RHP Juan Espinosa
Batting: RHB Juan Alcocer 0-0: Called Strike
0-1: Called Strike
0-2: Ball
1-2: Strikes out swinging
Batting: RHB Hildo Oerlemans 0-0: SINGLE (Groundball, 34) (infield hit)
Gustavo Deleón to second
Batting: RHB Jeromy Gride 0-0: Ball
1-0: Called Strike
1-1: SINGLE (Groundball, 56D)
Gustavo Deleón to third
Hildo Oerlemans to second
Runner from 3rd tries for Home, SAFE, no throw
Batting: RHB Carlo Beedle 0-0: Ball
1-0: Ball
2-0: Called Strike
2-1: Foul Ball, location: 2F
2-2: Ball
3-2: Foul Ball, location: 2F
3-2: SINGLE (Line Drive, 6MD)
Hildo Oerlemans to third
Jeromy Gride to second
Hildo Oerlemans scores
Jeromy Gride to third
Batting: RHB Lee Scrooby 0-0: Fly out, F7 (Flyball, 7LS)
Bottom of the 7th over - 4 runs, 5 hits, 0 errors, 2 left on base; Myrtle Beach 1 - Alameda 7
TOP OF THE 8TH
Myrtle Beach Seahawks batting - Pitching for Alameda Airmen : LHP Jorge Pliego
Now at C: Samuel Leloup
Now in CF: Jovy Marcelo
Batting: SHB Dong-joo Yu 0-0: Ball
1-0: Foul Ball, location: 2F
1-1: Swinging Strike
1-2: Strikes out swinging
Batting: RHB Jimmy Gonzáles 0-0: Called Strike
0-1: Ball
1-1: Fly out, F8 (Flyball, 89D)
Batting: LHB Marc Ben 0-0: Called Strike
0-1: Foul Ball, location: 2F
0-2: Foul Ball, location: 2F
0-2: Ground out 5-3 (Groundball, 56)
Top of the 8th over - 0 runs, 0 hits, 0 errors, 0 left on base; Myrtle Beach 1 - Alameda 7
BOTTOM OF THE 8TH
Alameda Airmen batting - Pitching for Myrtle Beach Seahawks : RHP Juan Espinosa
Batting: RHB Gerwin Norman 0-0: Ball
1-0: Called Strike
1-1: Ball
2-1: Called Strike
2-2: Foul Ball, location: 2F
2-2: Ball
3-2: Strikes out swinging
Batting: LHB Joe James 0-0: Foul Ball, location: 2F
0-1: Called Strike
0-2: Foul Ball, location: 2F
0-2: Foul Ball, location: 2F
0-2: Ball
1-2: Ball
2-2: Strikes out looking
Batting: RHB Miracle Crimes 0-0: Swinging Strike
0-1: Ball
1-1: Called Strike
1-2: Foul Ball, location: 2F
1-2: Ball
2-2: Ball
3-2: Strikes out swinging
Bottom of the 8th over - 0 runs, 0 hits, 0 errors, 0 left on base; Myrtle Beach 1 - Alameda 7
TOP OF THE 9TH
Myrtle Beach Seahawks batting - Pitching for Alameda Airmen : LHP Jorge Pliego
Batting: RHB Thomas Feliciano 0-0: Swinging Strike
0-1: Ground out 6-3 (Groundball, 6)
Batting: RHB Theo Wrighton 0-0: Ball
1-0: Called Strike
1-1: Foul Ball, location: 2F
1-2: Strikes out swinging
Batting: RHB Lucas Gallant 0-0: Ball
1-0: Ball
2-0: Swinging Strike
2-1: Foul Ball, location: 2F
2-2: Foul Ball, location: 2F
2-2: Fly out, F4 (Popup, 34S)
Top of the 9th over - 0 runs, 0 hits, 0 errors, 0 left on base; Myrtle Beach 1 - Alameda 7
Wednesday, September 19th, 2018 - OOTP Baseball 18.8 Build 76